 Dungeon Crawl Stone Soup version 0.31-a0-879-g1609e0ac53 (webtiles) character file.

Game seed: 9650017999059759102

12042 Lugonue the Ogre Mage (level 11, -17/115 HPs)
             Began as an Ogre Venom Mage on Oct 14, 2023.
             Was a Priest of Kikubaaqudgha.
             Demolished by a titanic slime creature (90 damage)
             ... on level 12 of the Dungeon.
             The game lasted 00:33:52 (14745 turns).

Lugonue the Ogre Mage (Ogre Venom Mage)            Turns: 14745, Time: 00:33:52

Health: -17/115    AC:  8    Str: 16    XL:     11   Next: 87%
Magic:  25/25      EV: 17    Int: 16    God:    Kikubaaqudgha [***...]
Gold:   646        SH:  0    Dex: 17    Spells: 21/31 levels left

rFire   . . .        q - +0 giant spiked club (protect)
rCold   . . .        (shield currently unavailable)
rNeg    . . .        E - +1 troll leather armour
rPois   +            (helmet restricted)
rElec   .            K - +2 cloak {rPois}
rCorr   .            (gloves unavailable)
SInv    .            (boots unavailable)
Will    +....        (no amulet)
Stlth   ++           v - +6 ring of dexterity
HPRegen 1.19/turn    A - +5 ring of evasion
MPRegen 0.19/turn

%: no passive effects
@: no status effects
A: large, unfitting armour, tough skin 1
a: Renounce Religion, Unearth Wretches


You were on level 12 of the Dungeon.
You worshipped Kikubaaqudgha.
Kikubaaqudgha was most pleased with you.
You visited 2 branches of the dungeon, and saw 14 of its levels.

You collected 646 gold pieces.

Inventory:

Hand Weapons
 k - a +0 dagger of venom
 n - a +0 trident
 o - a +1 dagger of electrocution
 q - a +0 giant spiked club of protection (weapon)
Missiles
 d - 17 poisoned darts
 e - 3 atropa-tipped darts
 u - a throwing net
Armour
 B - +0 steam dragon scales
 E - a +1 troll leather armour (worn)
 H - +0 acid dragon scales
 K - a +2 cloak of poison resistance (worn)
Jewellery
 m - a +6 ring of dexterity
 v - a +6 ring of dexterity (left hand)
 z - a ring of positive energy
 A - a +5 ring of evasion (right hand)
 F - a ring of poison resistance
Wands
 l - a wand of paralysis (2)
 x - a wand of iceblast (13)
 M - a wand of acid (3)
 N - a wand of mindburst (4)
Scrolls
 c - a scroll of fog
 f - 2 scrolls of revelation
 g - 5 scrolls of teleportation
 r - a scroll of vulnerability
 t - 3 scrolls of enchant weapon
 w - 6 scrolls of identify
 y - a scroll of blinking
 C - a scroll of immolation
 I - 2 scrolls of amnesia
 L - a scroll of enchant armour
Potions
 a - a potion of haste
 b - a potion of magic
 h - 3 potions of mutation
 i - 4 potions of enlightenment
 j - 5 potions of might
 p - a potion of attraction
 s - a potion of resistance
 D - 4 potions of curing
 G - a potion of brilliance
Miscellaneous
 J - a phantom mirror


   Skills:
 * Level 9.3 Fighting
 + Level 0.7 Short Blades
 * Level 8.8 Maces & Flails
 + Level 1.4 Armour
 * Level 5.3 Dodging
 + Level 3.0 Stealth
 + Level 0.1 Unarmed Combat
 * Level 10.5 Spellcasting
 + Level 0.6 Conjurations
 + Level 1.9 Transmutations
 + Level 2.8 Air Magic
 + Level 7.2 Poison Magic
 + Level 0.1 Evocations


You had 21 spell levels left.
You knew the following spells:

 Your Spells              Type           Power      Damage    Failure   Level
a - Sting                 Tmut/Pois      92%        1d7       1%          1
b - Poisonous Vapours     Pois/Air       48%        N/A       1%          2
c - Mephitic Cloud        Conj/Pois/Air  19%        N/A       8%          3
d - Olgreb's Toxic Radia  Pois           31%        N/A       5%          4

Your spell library contained the following spells:

 Spells                   Type           Power      Damage    Failure   Level
 Cigotuvi's Dreadful Rot  Necr/Pois/Air  38%        N/A       4%          2
 Foxfire                  Conj/Fire      36%        2x1d5     10%         1
 Kiss of Death            Conj/Necr      36%        2d8       10%         1
 Necrotise                Necr           32%        1d5       11%         1
 Summon Small Mammal      Summ           32%        N/A       11%         1
 Call Canine Familiar     Summ           8%         N/A       32%         3
 Summon Guardian Golem    Hex/Summ       8%         N/A       32%         3
 Vampiric Draining        Necr           8%         2d6       32%         3
 Anguish                  Hex/Necr       4%         N/A       71%         4
 Dispel Undead            Necr           8%         3d8       71%         4
 Manifold Assault         Tloc           8%         N/A       71%         4
 Agony                    Necr           8%         N/A       96%         5
 Death Channel            Necr           4%         N/A       100%        6
 Dispersal                Tloc           4%         N/A       100%        6
 Plasma Beam              Fire/Air       6%         2x1d16    100%        6
 Starburst                Conj/Fire      4%         6d4       100%        6
 Disjunction              Tloc           4%         N/A       100%        8


Dungeon Overview and Level Annotations

Branches:
Dungeon (13/15)            Temple (1/1) D:6            Lair (0/5) D:8
    Orc (0/2) D:12
 Vaults: D:13-14

Altars:
Ashenzari
Cheibriados
Dithmenos
Elyvilon
Fedhas
Gozag
Hepliaklqana
Kikubaaqudgha
Makhleb
Nemelex Xobeh
Okawaru
Qazlal
Ru
Sif Muna
Trog
Uskayaw
Vehumet
Wu Jian
Xom
Yredelemnul
Zin
The Shining One
Jiyva

Shops:
D:4 [

Annotations:
D:12 Gastronok


Innate Abilities, Weirdness & Mutations

You are too large for most types of armour.
You have tough skin. (AC +1)


Message History

The slime creature is heavily wounded.
Two slime creatures merge to form a large slime creature.
Unknown command.
Aiming: Iceblast
Press: ? - help, Shift-Dir - straight line, f/p - very large slime creature
Aim: a very large slime creature (heavily wounded)
The mass of ice explodes!
The iceblast engulfs the very large slime creature!!
The very large slime creature is heavily wounded.
The iceblast engulfs the large slime creature!
The large slime creature is severely wounded.
Unknown command.
Aiming: Iceblast
Press: ? - help, Shift-Dir - straight line, f/p - very large slime creature
Aim: a very large slime creature (heavily wounded)
The mass of ice explodes!
The iceblast engulfs the very large slime creature!
The very large slime creature is heavily wounded.
Unknown command.
Unknown command.
You hit the very large slime creature.
Your weapon exudes an aura of protection.
The very large slime creature is heavily wounded.
The very large slime creature hits you!!
Unknown command.
You barely miss the very large slime creature.
The very large slime creature is heavily wounded.
The very large slime creature hits you but does no damage.
You impale the very large slime creature!!
The very large slime creature is severely wounded.
The very large slime creature hits you!!
Two slime creatures merge to form a titanic slime creature.
Unknown command.
The titanic slime creature attacks as it pursues you!
The titanic slime creature barely misses you.
The titanic slime creature attacks as it pursues you!
The titanic slime creature hits you!!!!
Ouch! That really hurt!
You die...
Kikubaaqudgha rasps: "You have failed me!
Welcome... death!"

...# #)#.......# ...# #)).......#
....# #)#########
....########.)......
....(..........##################
.............###.................
............)#...................
.............#...................
# ####.......#..@######.....##'##
#....#...##'##..J#....#..####...#
#r...#...#.......#....#..#..'.8.#
w....#...#.......#....#..'..#...#
#+####...#.......##'###..#..##.#'
.........#....[..........#..##.##
.........#.)............[#..##.##
.........#..........[[...#..##.##
.........#........(......#..##.#'


You could see a titanic slime creature.

Vanquished Creatures
  A boulder beetle (D:12)
  A two-headed ogre (D:11)
  A deep elf pyromancer (D:12)
  A cyclops (D:12)
  A manticore (D:11)
  Maurice (D:11)
  A gargoyle (D:11)
  Jeremiah (D:8)
  An efreet (D:11)
  A troll (D:9)
  Prince Ribbit (D:7)
  A slime creature (D:12)
  2 shadows
  2 wraiths
  2 wyverns (D:8)
  16 yaks
  3 vampire mosquitoes
  A basilisk (D:8)
  3 steam dragons
  An acid dragon (D:11)
  A water moccasin (D:7)
  A black bear (D:8)
  2 ice beasts
  An orc warrior (D:12)
  A sky beast (D:6)
  2 ogres
  A centaur (D:8)
  2 phantoms (D:6)
  A kobold brigand (D:8)
  A bullfrog (D:7)
  2 gnoll sergeants
  2 scorpions
  7 wights
  15 killer bees
  9 jellies
  4 hounds
  2 gnoll boudas
  7 orc priests
  2 iguanas (D:4)
  12 orc wizards
  17 gnolls
  3 adders
  2 shadow imps
  2 ufetubi (D:5)
  5 worms
  3 dart slugs
  46 orcs
  9 ball pythons
  8 bats
  13 endoplasms
  3 giant cockroaches
  2 goblins
  5 hobgoblins
  18 kobolds
  6 quokkas
  3 frilled lizards (D:1)
  6 rats
268 creatures vanquished.

Vanquished Creatures (others)
  An orc priest (D:8)
1 creature vanquished.

Grand Total: 269 creatures vanquished

Notes
Turn   | Place    | Note
-------+----------+-------------------------------------------
     0 | D:1      | Lugonue the Ogre Venom Mage began the quest for the Orb.
     0 | D:1      | Reached XP level 1. HP: 16/16 MP: 3/3
     1 | D:1      | Noticed an orb of fire
     2 | D:1      | Noticed a tentacled monstrosity
     7 | D:1      | Noticed an ice dragon
     8 | D:1      | Noticed a purple draconian
     9 | D:1      | Noticed an iron dragon
    10 | D:1      | Noticed a black draconian
    14 | D:1      | Noticed an ice dragon
    14 | D:1      | Noticed an orb of fire
    16 | D:1      | Noticed an iron dragon
    16 | D:1      | Noticed an iron dragon
    18 | D:1      | Noticed an orb of fire
    18 | D:1      | Noticed a purple draconian
    20 | D:1      | Noticed an iron dragon
    22 | D:1      | Noticed a tentacled monstrosity
   213 | D:1      | Reached XP level 2. HP: 24/24 MP: 3/5
   744 | D:1      | Reached skill level 1 in Transmutations
   794 | D:1      | Reached XP level 3. HP: 31/31 MP: 3/6
  1035 | D:1      | Learned a level 2 spell: Poisonous Vapours
  1429 | D:2      | Reached skill level 3 in Spellcasting
  1837 | D:2      | Reached XP level 4. HP: 36/40 MP: 0/8
  1968 | D:2      | Reached skill level 1 in Fighting
  2355 | D:2      | Learned a level 3 spell: Mephitic Cloud
  2802 | D:2      | Reached skill level 4 in Spellcasting
  2802 | D:2      | Reached XP level 5. HP: 40/49 MP: 4/11
  2967 | D:2      | Learned a level 4 spell: Olgreb's Toxic Radiance
  3864 | D:3      | Found a hazy altar of Hepliaklqana.
  4018 | D:4      | Reached skill level 1 in Air Magic
  4018 | D:4      | Reached XP level 6. HP: 42/57 MP: 6/13
  4558 | D:4      | Reached skill level 5 in Spellcasting
  4948 | D:4      | Found Ycigel's Antique Armour Shop.
  4985 | D:4      | Reached XP level 7. HP: 67/67 MP: 7/15
  5387 | D:5      | Entered Level 5 of the Dungeon
  5512 | D:5      | Identified the +0 scale mail "Agyoj" {rC- Str+3 Int+3}
  5779 | D:5      | Reached skill level 1 in Maces & Flails
  6117 | D:5      | Found a basalt altar of Yredelemnul.
  6124 | D:5      | Found a stormy altar of Qazlal.
  6261 | D:6      | Reached skill level 6 in Spellcasting
  6351 | D:6      | Noticed a yak
  6351 | D:6      | Noticed a yak
  6351 | D:6      | Noticed a yak
  6367 | D:6      | Killed a yak
  6367 | D:6      | Noticed a yak
  6368 | D:6      | Reached XP level 8. HP: 73/79 MP: 10/17
  6368 | D:6      | Noticed a yak
  6369 | D:6      | Killed a yak
  6371 | D:6      | Killed a yak
  6381 | D:5      | Killed a yak
  6382 | D:5      | Reached skill level 5 in Fighting
  6382 | D:5      | Reached skill level 7 in Spellcasting
  6567 | D:6      | Killed a yak
  6682 | D:6      | Noticed a yak
  6688 | D:6      | Found a glowing silver altar of Zin.
  6707 | D:6      | Killed a yak
  6708 | D:6      | Reached skill level 5 in Poison Magic
  6708 | D:6      | Reached XP level 9. HP: 88/88 MP: 10/20
  7012 | D:6      | Found a staircase to the Ecumenical Temple.
  7021 | Temple   | Entered the Ecumenical Temple
  7091 | Temple   | Became a worshipper of Kikubaaqudgha
  7770 | D:7      | HP: 2/89 [ice beast (6)]
  8116 | D:7      | Found a snail-covered altar of Cheibriados.
  8180 | D:7      | Found an opulent altar of Gozag.
  8181 | D:7      | Noticed Prince Ribbit
  8204 | D:7      | Killed Prince Ribbit
  8205 | D:7      | Reached skill level 5 in Maces & Flails
  8205 | D:7      | Reached skill level 8 in Spellcasting
  9634 | D:8      | Identified the +2 robe "Ynwiliff" {rPois}
  9640 | D:8      | Reached XP level 10. HP: 83/90 MP: 11/22
  9645 | D:8      | Reached * piety under Kikubaaqudgha
  9645 | D:8      | Received a gift from Kikubaaqudgha
  9741 | D:8      | Found a staircase to the Lair.
 10279 | D:8      | Found a shimmering altar of Xom.
 10302 | D:8      | Found a shimmering altar of Xom.
 10302 | D:8      | Found a white marble altar of Elyvilon.
 10304 | D:8      | Found a shimmering altar of Xom.
 10304 | D:8      | Found a shimmering blue altar of Sif Muna.
 10304 | D:8      | Found a hazy altar of Hepliaklqana.
 10503 | D:8      | Noticed Jeremiah
 10566 | D:8      | Killed Jeremiah
 10567 | D:8      | Reached skill level 9 in Spellcasting
 10936 | D:9      | Identified the +0 whip of Terrible Judgement {drain, Drain
                  | rElec rF+ rC+}
 11306 | D:9      | Found a shadowy altar of Dithmenos.
 11306 | D:9      | Found a bloodstained altar of Trog.
 11326 | D:9      | Found a viscous altar of Jiyva.
 12083 | D:10     | Entered Level 10 of the Dungeon
 12133 | D:10     | Found a shimmering blue altar of Sif Muna.
 12275 | D:10     | Reached ** piety under Kikubaaqudgha
 12279 | D:10     | Reached XP level 11. HP: 69/113 MP: 13/24
 12462 | D:10     | Found a sacrificial altar of Ru.
 12488 | D:10     | Identified the +0 robe of the Mind {Int+7 Stlth+}
 12818 | D:10     | Found a sparkling altar of Nemelex Xobeh.
 12888 | D:11     | Noticed a two-headed ogre
 12904 | D:11     | Killed a two-headed ogre
 13058 | D:11     | Noticed a manticore
 13065 | D:11     | Killed a manticore
 13160 | D:11     | Reached skill level 10 in Spellcasting
 13272 | D:11     | Reached skill level 5 in Dodging
 13378 | D:11     | Noticed Maurice
 13383 | D:11     | Maurice stole a phantom mirror
 13384 | D:11     | Maurice stole a ring of poison resistance
 13384 | D:11     | Maurice stole a throwing net
 13386 | D:11     | Maurice stole a +0 dagger of venom
 13389 | D:11     | Killed Maurice
 13390 | D:11     | Reached skill level 1 in Armour
 13881 | D:12     | Noticed a deep elf pyromancer
 13889 | D:12     | Killed a deep elf pyromancer
 14062 | D:12     | Noticed Gastronok
 14063 | D:12     | Noticed a cyclops
 14095 | D:12     | Killed a cyclops
 14174 | D:12     | Noticed a boulder beetle
 14193 | D:12     | Killed a boulder beetle
 14377 | D:12     | Found a staircase to the Orcish Mines.
 14453 | D:12     | Reached *** piety under Kikubaaqudgha
 14453 | D:12     | Received a gift from Kikubaaqudgha
 14665 | D:12     | You fall into a shaft and drop 1 floor!
 14745 | D:12     | Demolished by a titanic slime creature

Illustrated notes

Levels and vault maps discovered:
D:1:      shiori_arrival_whats_in_store_for_you, layout_basic
D:2:      cheibrodos_fertilizer, layout_basic, nicolae_wormholes
D:3:      layout_rooms, lemuel_tele_altar
D:4:      layout_basic, serial_shops, nicolae_shop_back_alley_shop,
          st_stairs_11, minmay_fountain_box, chequers_arboretum
D:5:      layout_loops_ring, minitemple
D:6:      layout_basic, mainiacjoe_overflow_concentric_impassable,
          minmay_temple_entry_drinking_statues
D:7:      layout_loops_ring, old_standard_altar, cheibrodos_worm_habitat,
          serial_rivers, chequers_serial_rivers_micro_c,
          chequers_serial_rivers_micro_a, chequers_serial_rivers_micro_b,
          chequers_serial_rivers_small_b, wad_floor_pattern_2,
          uniq_prince_ribbit1
D:8:      layout_basic, doesnt_xom_only_xom, david_lair_generic, uniq_jeremiah
D:9:      layout_stronghold, grunt_temple_overflow_open, jiyva_altar_1
D:10:     layout_irregular_city, hangedman_ru_absence,
          nicolae_overflow_hidden_temple, chequers_serial_rivers_large_b
D:11:     layout_roguey, uniq_maurice
D:12:     layout_irregular_city, hiddenorc2_lemuel, uniq_gastronok
D:13:     layout_basic, david_vaults_1
Temple:   cyrus_temple_forest

Skill      XL: |  1  2  3  4  5  6  7  8  9 10 11 |
---------------+----------------------------------+-----
Poison Magic   | 3 4 5 6 7 |  7.2
Transmutations | 1 |  1.9
Spellcasting   | 3 4 5 6 7 8 9 10 | 10.5
Fighting       | 1 2 3 4 5 7 8 9 |  9.3
Dodging        | 2 3 4 5 |  5.3
Air Magic      | 1 2 |  2.8
Maces & Flails | 1 3 5 7 8 |  8.8
Stealth        | 2 3 |  3.0
Armour         | 1 |  1.4
Short Blades   | |  0.7
Unarmed Combat | |  0.1
Conjurations   | |  0.6
Evocations     | |  0.1

Action                     |  1- 3 |  4- 6 |  7- 9 | 10-12 || total
---------------------------+-------+-------+-------+-------++-------
  Melee: Unarmed           |    28 |     9 |       |       ||    37
         Dagger            |       |    66 |       |       ||    66
         Trident           |       |     3 |       |       ||     3
         Giant spiked club |       |     1 |   146 |   217 ||   364
   Cast: Sting             |    55 |    62 |    11 |     8 ||   136
         Poisonous Vapours |    11 |    50 |    22 |    17 ||   100
         Mephitic Cloud    |       |     1 |     2 |    12 ||    15
         Olgreb's Toxic Ra |       |       |    15 |    40 ||    55
  Evoke: Wand              |       |       |       |     9 ||     9
    Use: Scroll            |       |     9 |     6 |     8 ||    23
         Potion            |       |       |     2 |       ||     2
   Stab: Sleeping          |       |     1 |       |     2 ||     3
         Confused          |       |       |     1 |     5 ||     6
 Armour: Robe              |    28 |    74 |   147 |    37 ||   286
         Steam dragon scal |       |       |       |    18 ||    18
         Troll leather arm |       |       |       |   122 ||   122
  Dodge: Dodged            |    22 |    63 |   111 |   219 ||   415

Table legend: (Time is in decaauts)
 A = Elapsed time spent in this place.
 B = Non-inter-level travel time spent in this place.
 C = Inter-level travel time spent in this place.
 D = Time resting spent in this place.
 E = Time spent auto-exploring this place.
 F = Levels seen in this place.
 G = Mean time per level.
                   A        B        C        D        E       F      G
               +--------+--------+--------+--------+--------+-----+--------+
         Total |  14948 |  14536 |    412 |    865 |  10900 |  14 | 1067.7 |
       Dungeon |  14843 |  14431 |    412 |    865 |  10900 |  13 | 1141.8 |
        Temple |    105 |    105 |      0 |      0 |      0 |   1 |  105.0 |
               +--------+--------+--------+--------+--------+-----+--------+

Top non-repeatable levels by time:
     D:2: 1812 daAuts
     D:7: 1803 daAuts
     D:8: 1542 daAuts
     D:1: 1243 daAuts
     D:4: 1217 daAuts
     D:9: 1178 daAuts
     D:6: 1149 daAuts
     D:3: 1116 daAuts
    D:12: 1062 daAuts
     D:5: 1054 daAuts
    D:11: 845 daAuts
    D:10: 812 daAuts
  Temple: 105 daAuts
    D:13: 4 daAuts
